 Dungeon Crawl Stone Soup version 0.23.2-1-ga50397a6bc (webtiles) character file.

Game seed: 6004274867578211139

4173 Groucho the Covert (level 10, -4/46 HPs)
             Began as a Felid Berserker on Apr 17, 2019.
             Was a Priest of Trog.
             Slain by a wolf spider (9 damage)
             ... on level 9 of the Dungeon.
             The game lasted 00:48:19 (14638 turns).

Groucho the Covert (Felid Berserker)               Turns: 14638, Time: 00:48:19

Health: -4/46      AC:  5    Str: 13    XL:     10   Next: 7%
Magic:  17/17      EV: 26    Int:  9    God:    Trog [***...]
Gold:   1569       SH:  2    Dex: 19    Spells: 9/9 levels left
                                        Lives:  0   Deaths: 3

rFire    . . .     SeeInvis +     - Unarmed
rCold    . . .     Gourm    .   (shield unavailable)
rNeg     . . .     Faith    .   (armour unavailable)
rPois    +         Spirit   .   (helmet unavailable)
rElec    .         Reflect  +   (cloak unavailable)
rCorr    .         Harm     .   (gloves unavailable)
MR       +....                  (boots unavailable)
Stlth    ++++++....             l - +2 amulet of reflection
HPRegen  0.15/turn              n - ring of poison resistance
MPRegen  0.15/turn              k - +3 ring of protection

@: quick
A: very small, no armour, no weapons or thrown items, stealth, claws 1, fangs 3,
see invisible, carnivore, speed 1, shaggy fur 2, slow metabolism 1, sharp paws
a: Berserk, Trog's Hand, Renounce Religion


You were on level 9 of the Dungeon.
You worshipped Trog.
Trog was most pleased with you.
You were not hungry.

You visited 1 branch of the dungeon, and saw 9 of its levels.
You also visited: Ossuary.

You collected 1569 gold pieces.

Inventory:

Jewellery
 i - an uncursed ring of protection from cold
 k - a +3 ring of protection (right paw)
 l - a +2 amulet of reflection (around neck)
 m - an uncursed ring of protection from magic
 n - a ring of poison resistance (left paw)
 p - a +3 ring of intelligence {unknown}
 s - an uncursed ring of see invisible {unknown}
 w - an uncursed amulet of the acrobat {unknown}
 y - an uncursed ring of protection from fire
Wands
 d - a wand of iceblast (7)
 t - a wand of polymorph (3)
 D - a wand of enslavement (6)
Scrolls
 c - 2 scrolls of teleportation {unknown}
 v - 2 scrolls of magic mapping {unknown}
 x - 2 scrolls of remove curse
 z - a scroll of fog {unknown}
 A - a scroll of fear
 B - a scroll of amnesia {unknown}
Potions
 b - 3 potions of resistance
 e - a potion of brilliance {unknown}
 g - 2 potions of ambrosia {unknown}
 h - 2 potions of heal wounds {unknown}
 j - 2 potions of mutation {unknown}
 o - 2 potions of agility {unknown}
 q - 2 potions of flight {unknown}
 r - 2 potions of haste {unknown}
 u - a potion of invisibility
Comestibles
 a - 22 rations


   Skills:
 + Level 6.4 Fighting
 + Level 9.2 Dodging
 + Level 14.4 Stealth
 + Level 8.6 Unarmed Combat
 + Level 8.9 Evocations


You had 9 spell levels left.
You didn't know any spells.
Your spell library was empty.

Dungeon Overview and Level Annotations

Branches:
Dungeon (9/15)             Temple (0/1) D:6
   Lair: D:8-11         Orc: D:9-12

Altars:
Ashenzari
Hepliaklqana
Kikubaaqudgha
Makhleb
Okawaru
Qazlal
Sif Muna
Trog
Uskayaw
Vehumet
Wu Jian
Xom
Yredelemnul
The Shining One

Shops:
D:4 =

Annotations:
D:4 3 runed translucent doors, Blork the orc; Gargoyl's ghost, novice CeAK


Innate Abilities, Weirdness & Mutations

You cannot wear armour.
You are incapable of wielding weapons or throwing items.
Your paws allow you to move quietly. (Stealth)
You have sharp claws.
You have razor-sharp teeth.
You have supernaturally acute eyesight. (SInv)
You are carnivorous and can eat meat at any time.
You cover ground quickly.
You are covered in thick fur. (AC +2)
You have a slow metabolism.
Your sharp claws are effective at attacking unaware monsters.


Message History

You see here a hand axe.
The wolf spider hits you! The wolf spider completely misses you.
You see here a +0 club.
Things that are here:
a +0 troll leather armour; a +0 mace; a +0 chain mail
There is an open door here.
Evoke which item? (* to show all) (? for menu, Esc to quit)
Aiming: Iceblast
Press: ? - help, Shift-Dir - straight line, p - wolf spider The mass of ice explodes!
The iceblast engulfs the wolf spider!!
The wolf spider is moderately wounded.
The wolf spider hits you. The wolf spider bites you!
You are lethally poisoned!
The wolf spider poisons you!
Unknown command.
Unknown command.
You feel better. The wolf spider hits you! The wolf spider bites you!
* * * LOW HITPOINT WARNING * * *
The wolf spider barely misses you. The wolf spider bites you!
You die...

.#..[.#####.##.##.##..#
.#.##..# #..##.....#..#
####'### #######'###..#
.#.....# #.....#..# ##...†.#
#..##.#..###### .#...s.#
#..)#.#.......# .#.....#
###)..#.#####.# .#.....#
#s..#.# #.# ####'###
###@###)# #.# .# #Z#
#.....#.# #.# .# .(.
#.)...#.# #.# .# :.:
#..#..#.# #.# .##..
#.....#.# #.# .# #..)..#.#
#.# ################'###.#
#.#
##.....#.....#.....#.#####.#
.#.#.#.#.###.#...#.#.##....#


You could see a wolf spider.

Vanquished Creatures
  A hydra (D:8)
  A centaur warrior (D:9)
  Pikel (D:7)
  A cyclops (D:9)
  An ugly thing (D:9)
  3 trolls (D:9)
  A slime creature (D:9)
  2 dream sheep (D:8)
  Sigmund (D:3)
  A tarantella (shapeshifter) (D:9)
  A shadow (D:9)
  A wraith (D:9)
  2 yaks (D:8)
  3 hungry ghosts
  Edmund (D:4)
  Duvessa (D:6)
  A water moccasin (D:8)
  5 orc warriors
  3 ogres
  A necrophage (D:7)
  An ice beast (D:9)
  3 phantoms
  2 sky beasts
  3 centaurs
  7 bullfrogs
  3 big kobolds (D:8)
  Dowan (D:6)
  3 scorpions
  8 wights (D:8)
  3 howler monkeys (D:7)
  7 crimson imps
  A centaur zombie (Ossuary)
  2 bullfrog zombies (D:8)
  3 human zombies (Ossuary)
  A jelly (D:7)
  5 orc priests
  Crazy Yiuf (D:6)
  4 hounds
  5 orc wizards
  2 bullfrog skeletons
  2 centaur skeletons (D:9)
  An iguana (D:9)
  2 worker ants
  A killer bee zombie (D:8)
  A hound zombie (D:5)
  4 mummies
  A howler monkey skeleton (D:7)
  2 worker ant zombies (D:8)
  A gnoll (D:1)
  8 adders
  A shadow imp (D:9)
  An ooze (D:2)
  3 adder skeletons
  An adder zombie (D:9)
  2 worms
  8 dart slugs
  7 leopard geckos
  20 orcs
  2 bat zombies (D:4)
  8 giant cockroaches
  6 hobgoblins
  15 jackals
  5 kobolds
  5 quokkas
  A ball python (D:1)
  A ball python skeleton (D:5)
  11 bats
  2 frilled lizards
  A gnoll zombie (Ossuary)
  5 goblins
  3 goblin zombies (Ossuary)
  A jackal skeleton (D:5)
  6 rats
  4 rat zombies (D:4)
239 creatures vanquished.

Vanquished Creatures (others)
  5 dream sheep (D:4)
  An adder (D:7)
  3 fungi (D:4)
  A plant (D:4)
10 creatures vanquished.

Grand Total: 249 creatures vanquished

Notes
Turn   | Place    | Note
-------+----------+-------------------------------------------
     0 | D:1      | Groucho the Felid Berserker began the quest for the Orb.
     0 | D:1      | Reached XP level 1. HP: 10/10 MP: 2/2
    29 | D:1      | Reached skill level 1 in Stealth
   178 | D:1      | Reached skill level 2 in Stealth
   240 | D:1      | Reached skill level 3 in Stealth
   240 | D:1      | Reached XP level 2. HP: 14/14 MP: 3/3
   683 | D:1      | Reached skill level 4 in Stealth
   686 | D:1      | Reached XP level 3. HP: 14/17 MP: 4/4
   890 | D:1      | Reached ** piety under Trog
  1194 | D:2      | Reached skill level 5 in Stealth
  1682 | D:2      | Reached XP level 4. HP: 16/21 MP: 5/5
  1821 | D:2      | Found a glowing golden altar of the Shining One.
  1939 | D:2      | Reached skill level 6 in Stealth
  1962 | D:2      | Reached *** piety under Trog
  1984 | D:2      | Reached XP level 5. HP: 17/24 MP: 6/6
  2272 | D:3      | Reached skill level 7 in Stealth
  2375 | D:3      | Noticed Sigmund
  2397 | D:3      | Killed Sigmund
  2397 | D:3      | Reached skill level 9 in Stealth
  2397 | D:3      | Gained mutation: You are covered in thick fur. (AC +2)
                  | [Felid growth]
  2397 | D:3      | Reached XP level 6. HP: 28/28 MP: 7/7
  2993 | D:4      | Noticed Blork the orc
  3004 | D:4      | Found a deep blue altar of Sif Muna.
  3038 | D:4      | Found Yrghoun's Jewellery Shoppe.
  3066 | D:4      | Found a sand-covered staircase.
  3079 | Ossuary  | Entered an ossuary
  3261 | Ossuary  | Reached skill level 10 in Stealth
  4001 | Ossuary  | Reached XP level 7. HP: 31/31 MP: 8/8
  4332 | D:4      | Noticed Edmund
  4357 | D:4      | Killed Edmund
  4357 | D:4      | Reached skill level 5 in Dodging
  4987 | D:4      | Found a runed translucent gate.
  4988 | D:4      | Found a runed translucent gate.
  5000 | D:4      | Found a radiant altar of Vehumet.
  5066 | D:4      | Found a runed translucent gate.
  5067 | D:4      | Identified the cursed +3 short sword of Chagrin {pain,
                  | *Contam rPois Str+4}
  5069 | D:4      | Noticed Gargoyl's ghost (novice CeAK)
  5112 | D:4      | Found an ancient bone altar of Kikubaaqudgha.
  5211 | D:4      | Noticed a dream sheep
  5211 | D:4      | Noticed a dream sheep
  5211 | D:4      | Noticed a dream sheep
  5211 | D:4      | Noticed a dream sheep
  5211 | D:4      | Noticed a dream sheep
  5211 | D:4      | Found a shimmering altar of Xom.
  5217 | D:4      | Killed a dream sheep
  5218 | D:4      | Killed a dream sheep
  5218 | D:4      | Killed a dream sheep
  5219 | D:4      | Killed a dream sheep
  5220 | D:4      | Killed a dream sheep
  5271 | D:5      | Entered Level 5 of the Dungeon
  5361 | D:5      | Reached skill level 1 in Evocations
  5446 | D:5      | Reached XP level 8. HP: 19/34 MP: 9/11
  5666 | D:5      | Found a bloodstained altar of Trog.
  5822 | D:5      | Found a burning altar of Makhleb.
  5822 | D:5      | Found a hide-covered altar of Uskayaw.
  5955 | D:5      | Found a shattered altar of Ashenzari.
  6197 | D:6      | Found a staircase to the Ecumenical Temple.
  6828 | D:6      | Noticed Dowan
  6829 | D:6      | Noticed Duvessa
  6990 | D:6      | Found a runed translucent door.
  6991 | D:6      | Noticed Crazy Yiuf
  6998 | D:6      | Killed Crazy Yiuf
  7516 | D:6      | Reached skill level 5 in Evocations
  7532 | D:6      | Killed Duvessa
  7560 | D:6      | Killed Dowan
  8433 | D:7      | Noticed Pikel
  8443 | D:7      | Slain by Pikel
  8444 | D:7      | Reached XP level 7. HP: -3/46 MP: 12/12
  8463 | D:7      | Found a basalt altar of Yredelemnul.
  8465 | D:7      | Killed Pikel
  8465 | D:7      | Reached skill level 11 in Stealth
  8465 | D:7      | Reached skill level 5 in Unarmed Combat
  8465 | D:7      | Reached XP level 8. HP: 27/34 MP: 13/13
  8558 | D:7      | Reached skill level 12 in Stealth
  8564 | D:7      | Mangled by an orc warrior
  8565 | D:7      | Reached XP level 7. HP: -10/31 MP: 12/12
  8845 | D:7      | Found an iron altar of Okawaru.
  8919 | D:7      | Reached XP level 8. HP: 34/34 MP: 13/13
 10526 | D:8      | Reached skill level 13 in Stealth
 10526 | D:8      | Reached XP level 9. HP: 39/39 MP: 15/15
 10661 | D:8      | Found a hazy altar of Hepliaklqana.
 11268 | D:8      | Found an ornate altar of the Wu Jian Council.
 11513 | D:8      | Noticed a two-headed hydra
 11520 | D:8      | Killed a two-headed hydra
 11520 | D:8      | Reached skill level 5 in Fighting
 11520 | D:8      | Reached XP level 10. HP: 41/44 MP: 16/16
 13868 | D:9      | Reached skill level 14 in Stealth
 13957 | D:9      | Identified the cursed +1 whip "Cijovin" {venom, rPois MR++
                  | Str+2}
 13957 | D:9      | Noticed a centaur warrior
 13961 | D:9      | Noticed a cyan ugly thing
 13975 | D:9      | Killed a centaur warrior
 14005 | D:9      | Killed a cyan ugly thing
 14168 | D:9      | Noticed a cyclops
 14263 | D:9      | Killed a cyclops
 14263 | D:9      | Reached XP level 11. HP: 48/48 MP: 18/18
 14267 | D:9      | Noticed a deep troll
 14285 | D:9      | a deep troll changed into a shapeshifter
 14380 | D:9      | Noticed a wolf spider
 14390 | D:9      | Slain by a wolf spider
 14391 | D:9      | Reached XP level 10. HP: -1/46 MP: 17/17
 14407 | D:9      | Found a stormy altar of Qazlal.
 14638 | D:9      | Slain by a wolf spider

Skill      XL: |  1  2  3  4  5  6  7  8  9 10 |
---------------+-------------------------------+-----
Stealth        | 3 4 5 6 9 10 11 13 14 | 14.4
Dodging        | 5 6 7 9 |  9.2
Unarmed Combat | 6 7 8 |  8.6
Evocations     | 2 6 7 8 |  8.9
Fighting       | 4 5 6 |  6.4

Action                   |  1- 3 |  4- 6 |  7- 9 | 10-12 || total
-------------------------+-------+-------+-------+-------++-------
Melee: Unarmed           |   104 |   191 |   466 |   137 ||   898
       Bite              |     7 |    26 |    44 |    17 ||    94
       Punch             |       |     1 |    12 |     9 ||    22
Invok: Trog's Hand       |       |     7 |    16 |     8 ||    31
       Berserk           |       |     1 |     6 |     3 ||    10
Evoke: Wand              |       |     6 |    15 |    18 ||    39
  Use: Scroll            |       |     3 |    11 |     1 ||    15
       Potion            |       |     2 |     2 |     4 ||     8
 Stab: Sleeping          |    10 |    12 |    36 |     7 ||    65
       Distracted        |       |     1 |     2 |     2 ||     5
       Paralysed         |       |     1 |       |     2 ||     3
  Eat: Chunk             |     1 |     8 |    37 |    17 ||    63
       Ration            |       |       |     1 |       ||     1
Armor: Skin              |     9 |     5 |    31 |     7 ||    52
Dodge: Dodged            |   108 |   118 |   362 |    96 ||   684
Block: Other             |       |       |    21 |     8 ||    29
